 Dungeon Crawl Stone Soup version 0.19-a0-32-gbfd796a (webtiles) character file.

12 M4edhros the Grave Robber (level 2, 0/17 HPs)
             Began as an Octopode Necromancer on May 2, 2016.
             Was an Initiate of Cheibriados.
             Slain by a hobgoblin (4 damage)
             ... on level 2 of the Dungeon.
             The game lasted 00:01:12 (262 turns).

M4edhros the Grave Robber (Octopode Necromancer)     Turns: 262, Time: 00:01:12

Health: 0/17       AC:  1    Str:  8    XL:     2   Next: 33%
Magic:  5/5        EV:  7    Int: 18    God:    Cheibriados [......]
Gold:   4          SH:  9    Dex: 13    Spells: 1 memorised, 4 levels left

rFire  . . .     SeeInvis .       - Unarmed
rCold  . . .     Gourm    .     h - +0 large shield
rNeg   . . .     Faith    .     (helmet restricted)
rPois  .         Spirit   .     (no amulet)
rElec  .         Dismiss  .     (no ring)
rCorr  .         Reflect  .     (no ring)
SustAt .         Harm     .     (no ring)
MR     .....                    (no ring)
Stlth  +++.......               (no ring)
                                (no ring)
                                (no ring)
                                (no ring)

@: very slow, not resistant to hostile enchantments, fairly stealthy
A: almost no armour, amphibious, 8 rings, constrict 8, camouflage 1, gelatinous
body 1
a: Bend Time, Renounce Religion


You were on level 2 of the Dungeon.
You worshipped Cheibriados.
Cheibriados was noncommittal.
You were not hungry.

You visited 1 branch of the dungeon, and saw 2 of its levels.

You collected 4 gold pieces.

Inventory:

Armour
 h - a +0 large shield (worn)
Scrolls
 c - a scroll of immolation {unknown}
 d - a scroll of magic mapping {unknown}
 e - a scroll of enchant weapon {unknown}
 g - a scroll of random uselessness {unknown}
 j - a scroll of identify {unknown}
Books
 a - a book of Necromancy

   Spells                             Type                      Level
   a - Pain                           Necromancy                   1
   b - Animate Skeleton               Necromancy                   1
   c - Vampiric Draining              Necromancy                   3
   d - Regeneration                   Charms/Necromancy            3
   e - Animate Dead                   Necromancy                   4
   f - Control Undead                 Necromancy                   4
Comestibles
 b - a bread ration
 f - a royal jelly
 i - 2 chunks of flesh


   Skills:
 - Level 2.0 Dodging
 - Level 2.6 Stealth
 + Level 1.9 Unarmed Combat
 - Level 2.0 Spellcasting
 - Level 4.0 Necromancy


You had 4 spell levels left.
You knew the following spells:

 Your Spells              Type           Power        Failure   Level  Hunger
a - Pain                  Necr           ###.         85%         1    #......


Dungeon Overview and Level Annotations

Branches:
Dungeon (2/15)

Altars:
Cheibriados
Makhleb
Trog
Xom
Zin
The Shining One


Innate Abilities, Weirdness & Mutations

You cannot wear most types of armour.
You are amphibious.
You can wear up to eight rings at the same time.
You can use your tentacles to constrict eight enemies at once.
Your skin changes colour to match your surroundings (Stealth).
Your rubbery body absorbs attacks (AC +1).


Message History

Found a scroll labeled RIPAIWKIHUAP.
You see here a rat corpse.
Found 22 stones.
Found 4 gold pieces.
Found a stone staircase leading down.
j - a scroll labeled RIPAIWKIHUAP You now have 4 gold pieces.
The hobgoblin shouts!
You block the hobgoblin's attack. x2
Your shield prevents you from hitting the hobgoblin.
Your grab misses the hobgoblin. The hobgoblin hits you.
* * * LOW HITPOINT WARNING * * *
You barely miss the hobgoblin. Your grab misses the hobgoblin.
Your squeeze misses the hobgoblin. The hobgoblin barely misses you.
You tentacle-slap the hobgoblin. Your grab misses the hobgoblin.
The hobgoblin is lightly wounded.
You block the hobgoblin's attack.
You tentacle-slap the hobgoblin. You grab the hobgoblin.
The hobgoblin is heavily wounded.
You constrict the hobgoblin. The hobgoblin hits you.
You die...

#.##.. #.##.# #.
#. #.##.#
####.##.#
#.##.###.>.......
#.##.....(.......
#.##.............
##................
#..###....###.##..
#@.##.............
#g.##.....#...##..
#..##)....#.## #..
#..##.....#.# #..
...##.†...#.####..
##.##.............
....[.#...#.####..
##....?...........
#.....#.#.<...#.#


You could see a hobgoblin.

Vanquished Creatures
  2 dart slugs
  A giant cockroach (D:1)
  A goblin (D:1)
  A hobgoblin (D:1)
  A ball python (D:2)
  A giant newt (D:1)
  2 rats
9 creatures vanquished.

Notes
Turn   | Place    | Note
--------------------------------------------------------------
     0 | D:1      | M4edhros the Octopode Necromancer began the quest for the Orb.
     0 | D:1      | Reached XP level 1. HP: 11/11 MP: 3/3
    30 | D:1      | Reached skill level 1 in Unarmed Combat
   162 | D:1      | Reached XP level 2. HP: 7/17 MP: 0/5
   208 | D:2      | Found a glowing silver altar of Zin.
   209 | D:2      | Found a bloodstained altar of Trog.
   209 | D:2      | Found a glowing golden altar of the Shining One.
   216 | D:2      | Found a burning altar of Makhleb.
   216 | D:2      | Found a snail-covered altar of Cheibriados.
   217 | D:2      | Found a shimmering altar of Xom.
   227 | D:2      | Became a worshipper of Cheibriados the Contemplative
   262 | D:2      | Slain by a hobgoblin

Vault maps used:
D:1:      lemuel_arrival_room, cheibriados_altar_1
D:2:      grunt_temple_overflow_open, first_bread

Skill      XL: |  1 |
---------------+----+-----
Unarmed Combat | 1 |  1.9
Dodging        | |  2.0
Stealth        | |  2.6
Spellcasting   | |  2.0
Necromancy     | |  4.0

Action                   || total
-------------------------++-------
Melee: Unarmed           ||    13
       Constrict         ||     5
       Tentacles         ||     4
 Cast: Pain              ||     7
 Stab: Sleeping          ||     3
Dodge: Dodged            ||     3
Block: Large shield      ||     3
